 Dungeon Crawl Stone Soup version 0.31-a0-740-g87205ac768 (webtiles) character file.

Game seed: 15332492308090704975

550 Newt the Shooter (level 7, -2/44 HPs)
             Began as a Kobold Hunter on Sept 12, 2023.
             Was an Initiate of Gozag.
             Shot with an arrow by a centaur (6 damage)
             ... on level 5 of the Dungeon.
             The game lasted 00:04:06 (4068 turns).

Newt the Shooter (Kobold Hunter)                    Turns: 4068, Time: 00:04:07

Health: -2/44      AC: 12    Str: 15    XL:     7   Next: 54%
Magic:  7/7        EV: 15    Int: 10    God:    Gozag
Gold:   72         SH:  0    Dex: 24    Spells: 6/6 levels left

rFire   . . .        o - +8 spear of Doubt {protect, Dex+4 Stlth+}
rCold   . . .        (no shield)
rNeg    . . .        c - +0 leather armour
rPois   .            k - +1 helmet
rElec   .            (no cloak)
rCorr   .            (no gloves)
SInv    .            (no boots)
Will    .....        (no amulet)
Stlth   ++++         h - +6 ring of strength
HPRegen 0.27/turn    (no ring)
MPRegen 0.10/turn

%: no passive effects
@: gold aura, under a protective aura
A: small, no large weapons, nightstalker 3
a: Renounce Religion, Potion Petition, Call Merchant, Bribe Branch


You were on level 5 of the Dungeon.
You worshipped Gozag.
Gozag was noncommittal.
You visited 1 branch of the dungeon, and saw 5 of its levels.

You collected 117 gold pieces.
You paid 45 gold pieces to Gozag.

Inventory:

Hand Weapons
 a - a +1 shortbow
 o - the +8 spear of Doubt (weapon) {protect, Dex+4 Stlth+}
   (You found it on level 3 of the Dungeon)

   Dex+4:     It affects your dexterity (+4).
   Stlth+:    It makes you more stealthy.
Armour
 c - a +0 leather armour (worn)
 k - a +1 helmet (worn)
Jewellery
 h - a +6 ring of strength (left hand)
 p - an amulet of guardian spirit
 t - a ring of flight
Wands
 q - a wand of charming (12)
 s - a wand of flame (51)
Scrolls
 b - a scroll of butterflies
 f - 2 scrolls of teleportation
 g - a scroll of amnesia
 j - a scroll of poison
 l - a scroll of blinking
 n - a scroll of silence
Potions
 d - a potion of enlightenment
 e - a potion of brilliance
 i - a potion of haste {unknown}
 m - a potion of magic {unknown}
 r - a potion of mutation {unknown}


   Skills:
 - Level 5.0 Fighting
 + Level 4.8 Polearms
 - Level 5.9 Ranged Weapons
 - Level 2.4 Dodging
 - Level 1.3 Stealth


You had 6 spell levels left.
You didn't know any spells.
Your spell library contained the following spells:

 Spells                   Type           Power      Damage    Failure   Level
 Sandblast                Erth           0%         2d4       43%         1
 Passwall                 Tmut/Erth      0%         N/A       56%         2
 Ignite Poison            Fire/Tmut/Pois 0%         N/A       80%         3
 Stone Arrow              Conj/Erth      0%         3d7       80%         3
 Tukima's Dance           Hex            0%         N/A       80%         3
 Dimensional Bullseye     Hex/Tloc       0%         N/A       99%         4
 Iskenderun's Mystic Bla  Conj/Tloc      0%         2d3       99%         4
 Sticky Flame             Conj/Fire      0%         2d3       99%         4
 Ignition                 Fire           0%         3d3       100%        8


Dungeon Overview and Level Annotations

Branches:
Dungeon (5/15)
 Temple: D:4-7

Altars:
Elyvilon
Gozag
Yredelemnul


Innate Abilities, Weirdness & Mutations

You are small and have problems with some larger weapons.
You are completely attuned to the shadows.


Message History

The centaur is severely wounded.
The centaur shoots an arrow.
The arrow misses you.
You reach to attack!
You closely miss the centaur.
The centaur is severely wounded.
The centaur shoots an arrow.
The arrow hits you!
* * * LOW HITPOINT WARNING * * *
The centaur shoots an arrow.
The arrow completely misses you.
Unknown command.
Reach: o) +8 spear of Doubt {protect, Dex+4 Stlth+}
Press: ? - help, Dir - move target, f/p - centaur
Aim: a centaur, wielding a +0 orcbow (severely wounded, about 18% to evade the +8 spear of Doubt)
You reach to attack!
You hit the centaur.
You kill the centaur!
The centaur shoots an arrow.
The arrow barely misses you.
Unknown command.
Unknown command.
Reach: o) +8 spear of Doubt {protect, Dex+4 Stlth+}
Press: ? - help, Dir - move target, f - you
Okay, then.
The centaur shoots an arrow.
The arrow barely misses you.
The centaur shoots an arrow.
The arrow hits you.
* * * LOW HITPOINT WARNING * * *
Unknown command.
Reach: o) +8 spear of Doubt {protect, Dex+4 Stlth+}
Press: ? - help, Dir - move target, f - centaur
Aim: a centaur, wielding a +0 shortbow (severely wounded, about 18% to evade the +8 spear of Doubt)
You reach to attack!
You closely miss the centaur.
The centaur is severely wounded.
The centaur shoots an arrow.
The arrow hits you.
* * * LOW HITPOINT WARNING * * *
Unknown command.
Unknown command.
Reach: o) +8 spear of Doubt {protect, Dex+4 Stlth+}
Press: ? - help, Dir - move target, f/p - centaur
Aim: a centaur, wielding a +0 shortbow (severely wounded, about 18% to evade the +8 spear of Doubt)
You reach to attack!
You hit the centaur.
The centaur is almost dead.
The centaur shoots an arrow.
The arrow hits you.
You die...
Your body crumbles into a pile of gold.

########.##<
#.# #.##
#).###
#.#..##
#.....##
#.......##
..##.##..#
.##...##@# #
.##..#$# #
.:...c# #
.##)#.#
######
..##.#
.....# #.#
..# ####.#
.. .# # #)#
# #.#


You could see a centaur.

Vanquished Creatures
  An ogre (D:5)
  A centaur (D:5)
  A phantom (D:5)
  An orc priest (D:5)
  Jessica (D:3)
  Ijyb (D:4)
  An iguana (D:4)
  An orc wizard (D:5)
  Robin (D:2)
  3 gnolls (D:3)
  4 adders
  A white imp (D:5)
  2 ufetubi (D:4)
  12 orcs
  6 ball pythons
  9 endoplasms
  3 giant cockroaches
  13 goblins
  3 hobgoblins
  2 jackals (D:3)
  6 kobolds
  4 bats
  4 frilled lizards
  2 rats
83 creatures vanquished.

Notes
Turn   | Place    | Note
-------+----------+-------------------------------------------
     0 | D:1      | Newt the Kobold Hunter began the quest for the Orb.
     0 | D:1      | Reached XP level 1. HP: 12/12 MP: 1/1
   165 | D:1      | Reached XP level 2. HP: 18/18 MP: 2/2
   700 | D:1      | Reached XP level 3. HP: 23/23 MP: 3/3
  1109 | D:2      | Found a faded altar of an unknown god.
  1339 | D:2      | Noticed Robin
  1367 | D:2      | Killed Robin
  1368 | D:2      | Reached XP level 4. HP: 14/30 MP: 4/4
  2070 | D:3      | Noticed Jessica
  2073 | D:3      | Killed Jessica
  2074 | D:3      | Reached skill level 5 in Fighting
  2276 | D:3      | Reached XP level 5. HP: 26/35 MP: 5/5
  2377 | D:3      | Identified the +8 spear of Doubt {protect, Dex+4 Stlth+}
  2440 | D:3      | Reached skill level 1 in Polearms
  2858 | D:4      | Noticed Ijyb
  2869 | D:4      | Killed Ijyb
  2985 | D:4      | Found a basalt altar of Yredelemnul.
  3217 | D:4      | Reached XP level 6. HP: 40/40 MP: 6/6
  3461 | D:4      | Found a white marble altar of Elyvilon.
  3570 | D:5      | Entered Level 5 of the Dungeon
  3593 | D:5      | Noticed an ogre
  3607 | D:5      | Killed an ogre
  3901 | D:5      | Reached XP level 7. HP: 44/44 MP: 7/7
  3963 | D:5      | Found an opulent altar of Gozag.
  3969 | D:5      | Became a worshipper of Gozag Ym Sagoz the Greedy
  4068 | D:5      | Shot with an arrow by a centaur

Illustrated notes

Levels and vault maps discovered:
D:1:      dpeg_arrival_castle, layout_loops_ring
D:2:      layout_loops_ring, hellmonk_ecumenical_altar_crossroads,
          patterned_corridor, uniq_robin
D:3:      layout_basic, chequers_garden, columned_hall_lemuel, uniq_jessica
D:4:      layout_basic, lemuel_tele_altar, mainiacjoe_overflow_six_doors_small,
          uniq_ijyb
D:5:      layout_loops_ring, overflow_temple_1_default,
          cheibrodos_sewer_entry_bend, minmay_manual_mares, uniq_blork_the_orc

Skill      XL: |  1  2  3  4  5  6 |
---------------+-------------------+-----
Fighting       | 3 4 5 |  5.0
Polearms       | 2 4 |  4.8
Ranged Weapons | |  5.9
Dodging        | |  2.4
Stealth        | |  1.3

Action                     |  1- 3 |  4- 6 |  7- 9 || total
---------------------------+-------+-------+-------++-------
  Melee: Spear             |       |    74 |    32 ||   106
   Fire: Shortbow          |    90 |    33 |       ||   123
    Use: Scroll            |     5 |     7 |     1 ||    13
         Potion            |     1 |     3 |       ||     4
   Stab: Sleeping          |       |     8 |     2 ||    10
         Distracted        |       |     1 |     1 ||     2
 Armour: Leather armour    |    21 |    40 |    18 ||    79
         Skin              |     3 |       |       ||     3
  Dodge: Dodged            |    23 |    49 |    24 ||    96

Table legend: (Time is in decaauts)
 A = Elapsed time spent in this place.
 B = Non-inter-level travel time spent in this place.
 C = Inter-level travel time spent in this place.
 D = Time resting spent in this place.
 E = Time spent auto-exploring this place.
 F = Levels seen in this place.
 G = Mean time per level.
                   A        B        C        D        E       F      G
               +--------+--------+--------+--------+--------+-----+--------+
         Total |   4086 |   3891 |    195 |    444 |   2904 |   5 |  817.2 |
       Dungeon |   4086 |   3891 |    195 |    444 |   2904 |   5 |  817.2 |
               +--------+--------+--------+--------+--------+-----+--------+

Top non-repeatable levels by time:
     D:2: 1156 daAuts
     D:4: 816 daAuts
     D:3: 814 daAuts
     D:1: 807 daAuts
     D:5: 492 daAuts
